 Dungeon Crawl Stone Soup version 0.18-b1-23-gf76aad1 (webtiles) character file.

20305 witsaw the Cleaver (level 12, -7/108 HPs)
             Began as a Minotaur Fighter on May 5, 2016.
             Was a High Priest of the Shining One.
             Mangled by a white very ugly thing (30 damage)
             ... on level 1 of the Abyss.
             The game lasted 00:41:30 (11525 turns).

witsaw the Cleaver (Minotaur Fighter)              Turns: 11525, Time: 00:41:31

Health: -7/108     AC: 26    Str: 27    XL:     12   Next: 44%
Magic:  2/2        EV: 10    Int: 12    God:    the Shining One [*****.]
Gold:   374        SH: 13    Dex:  9    Spells: 0 memorised, 11 levels left

rFire  . . .     SeeInvis .     L - +1 broad axe (holy)
rCold  . . .     Gourm    .     M - +8 plate armour of Xoeph {*Confuse +Blink MP-9 Int+7}
rNeg   + + +     Faith    .     c - +0 shield
rPois  .         Spirit   .     (helmet restricted)
rElec  .         Dismiss  .     w - +0 cloak
rCorr  .         Reflect  .     q - +0 pair of gloves
SustAt +         Harm     .     (no boots)
MR     .....                    (no amulet)
Stlth  ..........               J - ring of positive energy
                                x - ring of sustain attributes

@: very slightly contaminated, glowing, not resistant to hostile enchantments,
extremely unstealthy
A: retaliatory headbutt, horns 2
a: Divine Shield, Cleansing Flame, Summon Divine Warrior, Renounce Religion,
Evoke Blink


You were on level 1 of the Abyss.
You worshipped the Shining One.
The Shining One was extremely pleased with you.
You were not hungry.

You visited 2 branches of the dungeon, and saw 13 of its levels.
You visited the Abyss 1 time.

You collected 506 gold pieces.
You spent 132 gold pieces at shops.

Inventory:

Hand Weapons
 a - a +1 war axe
 d - a +0 dire flail
 F - a +2 hand crossbow of velocity
 L - a +1 broad axe of holy wrath (weapon)
 Z - a +0 morningstar
Armour
 c - a +0 shield (worn)
 q - a +0 pair of gloves (worn)
 w - a +0 cloak (worn)
 G - a +0 mottled dragon armour
 H - a +1 robe of cold resistance
 M - the +8 plate armour of Xoeph (worn) {*Confuse +Blink MP-9 Int+7}
   (You found it on level 7 of the Dungeon)

   It affects your intelligence (+7).
   It affects your magic capacity (-9).
   It lets you blink.
   It may confuse you when you take damage.
Magical Staves
 W - an uncursed staff of cold
Jewellery
 x - a ring of sustain attributes (left hand)
 y - an uncursed amulet of magic regeneration
 z - an uncursed ring of sustain attributes
 J - a ring of positive energy (right hand)
Wands
 m - a wand of polymorph (10/24)
 p - a wand of lightning (9/15)
 D - a wand of paralysis (12/24)
 O - a wand of confusion (23/48)
 U - a wand of polymorph (12/24)
 V - a wand of lightning (9/15)
 X - a wand of lightning (9/15)
Scrolls
 b - a scroll of random uselessness
 e - 6 scrolls of identify
 g - 3 scrolls of remove curse
 h - 3 scrolls of magic mapping
 o - a scroll of fog
 t - 3 scrolls of teleportation
 u - 3 scrolls of immolation
 v - a scroll of amnesia
 B - 2 scrolls of recharging
Potions
 i - a potion of lignification {unknown}
 s - a potion of brilliance
 E - 2 potions of flight {unknown}
 I - a potion of agility {unknown}
 K - 2 potions of cancellation {unknown}
 P - a potion of heal wounds {unknown}
 T - a potion of resistance {unknown}
Books
 R - a book of Burglary

   Spells                             Type                      Level
   a - Swiftness                      Charms/Air                   2
   b - Passwall                       Transmutation/Earth          2
   c - Passage of Golubria            Translocation                4
   d - Lee's Rapid Deconstruction     Earth                        5
   e - Darkness                       Hexes                        6
   f - Invisibility                   Hexes                        6
 S - a book of Enchantments

   Spells                             Type                      Level
   a - Cause Fear                     Hexes                        4
   b - Yara's Violent Unravelling     Hexes/Transmutation          5
   c - Silence                        Hexes/Air                    5
   d - Deflect Missiles               Charms/Air                   6
   e - Haste                          Charms                       6
   f - Discord                        Hexes                        8
Comestibles
 f - 3 bread rations
 k - 5 meat rations
 l - 2 slices of pizza
 r - 8 fruits
 C - a beef jerky


   Skills:
 + Level 10.7 Fighting
 + Level 13.0 Axes
 + Level 11.2 Armour
 + Level 7.6 Dodging
 - Level 0.6 Stealth
 + Level 12.9 Shields


You had 11 spell levels left.
You didn't know any spells.

Dungeon Overview and Level Annotations

Branches:
Dungeon (11/15)            Temple (0/1) D:5            Lair (2/8) D:11
    Orc: D:9-12

Altars:
Ashenzari
Dithmenos
Elyvilon
Fedhas
Gozag
Kikubaaqudgha
Qazlal
Ru
Trog
Xom
Yredelemnul
The Shining One

Shops:
D:6 ?

Portals:
Trove: D:10 (give +6 demon whip)

Annotations:
Lair:2 Sonja


Innate Abilities, Weirdness & Mutations

You reflexively headbutt those who attack you in melee.
You have a pair of horns on your head.


Message History

* * * LOW HITPOINT WARNING * * *
A large abomination comes into view.
A starcursed mass comes into view.
A starcursed mass splits.
You feel better.
You are suddenly pulled into a different region of the Abyss!
You start resting.
You slice the starcursed mass!!
You destroy the starcursed mass!
You start resting.
A white very ugly thing comes into view.
The white very ugly thing gurgles horribly!
You hit the white very ugly thing.
You headbutt the white very ugly thing, but do no damage.
The white very ugly thing is lightly wounded.
You hear a horrible gurgling sound!
The white very ugly thing stings you!
* * * LOW HITPOINT WARNING * * *
The white very ugly thing freezes you!!
You die...

#≈ .. # ## . #
#. #. # #
..##.#
....###.#.##.#
#...@#....#
.....###u#
#.#... .## .
...#. ####. .
#. #.# #


You could see a white very ugly thing.

Vanquished Creatures
  Fannar (D:10)
  A vampire mage (Abyss:1)
  2 unseen horrors
  3 starcursed masses (Abyss:1)
  2 hill giants (D:11)
  A sixfirhy (Abyss:1)
  2 cyclopes (D:11)
  A black mamba (Lair:1)
  3 spiny frogs (Lair:1)
  3 gargoyles
  A komodo dragon (Lair:1)
  A troll (D:9)
  Grinder (D:4)
  8 blink frogs (Lair:1)
  A wraith (D:11)
  10 yaks (Lair:1)
  A chaos spawn (Abyss:1)
  4 hippogriffs
  3 neqoxecs (Abyss:1)
  A hungry ghost (D:11)
  A steam dragon (D:10)
  A mottled dragon (D:11)
  5 insubstantial wisps (Abyss:1)
  2 water moccasins (Lair:1)
  2 large abominations (Abyss:1)
  4 porcupines (D:11)
  4 sky beasts
  5 ice beasts
  A phantom (D:7)
  3 orc warriors
  10 ogres
  4 wolves (Lair:1)
  2 necrophages
  2 centaurs
  4 crocodiles
  7 giant frogs
  A wyvern zombie (D:7)
  5 scorpions
  6 killer bees (D:8)
  10 howler monkeys
  6 crimson imps
  A centaur zombie (D:8)
  2 giant frog zombies
  3 quasits
  4 hounds
  4 jellies
  3 giant frog skeletons
  6 orc priests
  A gnoll shaman (D:6)
  7 iguanas
  6 orc wizards
  11 worker ants
  23 sheep
  3 hound zombies
  A hound skeleton (D:7)
  2 worker ant zombies
  8 gnolls
  11 adders
  10 river rats
  2 shadow imps
  An adder zombie (D:10)
  An adder skeleton (D:5)
  5 dart slugs
  A worm (D:3)
  6 giant geckos
  29 orcs
  5 bats
  8 giant cockroaches
  7 goblins
  7 hobgoblins
  8 jackals
  2 quokkas
  A giant gecko zombie (D:5)
  A jackal skeleton (D:7)
  8 kobolds
  A quokka skeleton (D:4)
  A quokka zombie (D:7)
  6 rats
341 creatures vanquished.

Vanquished Creatures (others)
  A fungus (Lair:2)
  6 starspawn tentacles (Abyss:1)
  38 starspawn tentacle segments (Abyss:1)
45 creatures vanquished.

Grand Total: 386 creatures vanquished

Notes
Turn   | Place    | Note
--------------------------------------------------------------
     0 | D:1      | witsaw the Minotaur Fighter began the quest for the Orb.
     0 | D:1      | Reached XP level 1. HP: 19/19 MP: 0/0
   269 | D:1      | Reached XP level 2. HP: 21/27 MP: 1/1
   824 | D:2      | Reached XP level 3. HP: 30/33 MP: 2/2
   850 | D:2      | Reached skill level 1 in Dodging
  1313 | D:3      | Reached XP level 4. HP: 35/40 MP: 3/3
  1355 | D:3      | Found an ancient bone altar of Kikubaaqudgha.
  1407 | D:3      | Reached skill level 3 in Axes
  1477 | D:3      | Noticed an ogre
  1485 | D:3      | Killed an ogre
  1485 | D:3      | Reached skill level 5 in Shields
  1485 | D:3      | Reached XP level 5. HP: 43/46 MP: 4/4
  1790 | D:4      | Reached XP level 6. HP: 50/52 MP: 5/5
  1815 | D:4      | Reached skill level 5 in Armour
  2030 | D:4      | Noticed Grinder
  2042 | D:4      | Paralysed by Grinder for 7 turns
  2055 | D:4      | Paralysed by Grinder for 5 turns
  2074 | D:4      | Killed Grinder
  2074 | D:4      | Reached skill level 4 in Axes
  2074 | D:4      | Reached XP level 7. HP: 14/60 MP: 6/6
  2943 | D:5      | Entered Level 5 of the Dungeon
  2943 | D:5      | Found a glowing golden altar of the Shining One.
  2943 | D:5      | Found a shattered altar of Ashenzari.
  2943 | D:5      | Found a shadowy altar of Dithmenos.
  2943 | D:5      | Found a bloodstained altar of Trog.
  2943 | D:5      | Found a basalt altar of Yredelemnul.
  2949 | D:5      | Found a bloodstained altar of Trog.
  2983 | D:5      | Became a worshipper of the Shining One
  3059 | D:5      | Found a shimmering altar of Xom.
  3059 | D:5      | Found a white marble altar of Elyvilon.
  3059 | D:5      | Found a stormy altar of Qazlal.
  3151 | D:5      | Reached skill level 5 in Dodging
  3158 | D:5      | Reached skill level 5 in Fighting
  3293 | D:5      | Found a staircase to the Ecumenical Temple.
  3416 | D:5      | Reached skill level 5 in Axes
  3416 | D:5      | Reached XP level 8. HP: 59/68 MP: 7/7
  3685 | D:6      | Found Ecedudd's Magic Scroll Shop.
  3689 | D:6      | Bought a scroll of fear for 42 gold pieces
  3689 | D:6      | Bought a scroll of silence for 90 gold pieces
  3723 | D:6      | Reached * piety under the Shining One
  4478 | D:7      | Reached skill level 6 in Axes
  4602 | D:7      | Reached XP level 9. HP: 58/75 MP: 8/8
  4943 | D:7      | Noticed a gargoyle
  4962 | D:7      | Killed a gargoyle
  4962 | D:7      | Reached skill level 7 in Axes
  5300 | D:7      | Reached ** piety under the Shining One
  5661 | D:7      | Found an opulent altar of Gozag.
  5698 | D:7      | Got a citrine-encrusted plate armour
  5727 | D:7      | Identified the +8 plate armour of Xoeph {*Confuse +Blink MP-9 Int+7} (You found it on level 7 of the Dungeon)
  6268 | D:8      | Found a blossoming altar of Fedhas.
  6543 | D:8      | Reached skill level 8 in Axes
  6834 | D:9      | Reached XP level 10. HP: 86/86 MP: 0/9
  7067 | D:9      | Found a sacrificial altar of Ru.
  7067 | D:9      | Reached *** piety under the Shining One
  7328 | D:10     | Entered Level 10 of the Dungeon
  7350 | D:10     | Reached skill level 10 in Shields
  7403 | D:10     | Reached skill level 9 in Axes
  7728 | D:10     | Noticed a gargoyle
  7741 | D:10     | Killed a gargoyle
  8051 | D:10     | Noticed Fannar
  8101 | D:10     | Killed Fannar
  8478 | D:10     | Noticed an unseen horror
  8480 | D:10     | Killed an unseen horror
  8574 | D:10     | Found a portal to a secret trove of treasure.
  8893 | D:11     | Noticed an unseen horror
  8900 | D:11     | Killed an unseen horror
  8900 | D:11     | Reached skill level 10 in Axes
  8900 | D:11     | Reached XP level 11. HP: 94/94 MP: 1/10
  9126 | D:11     | Reached skill level 10 in Armour
  9223 | D:11     | Noticed a hill giant
  9223 | D:11     | Reached **** piety under the Shining One
  9235 | D:11     | Killed a hill giant
  9437 | D:11     | Found a shattered altar of Ashenzari.
  9611 | D:11     | Noticed a hill giant
  9620 | D:11     | Killed a hill giant
  9620 | D:11     | Reached skill level 11 in Axes
  9696 | D:11     | Found a staircase to the Lair.
 10101 | Lair:1   | Entered Level 1 of the Lair of Beasts
 10331 | Lair:1   | Reached skill level 10 in Fighting
 10562 | Lair:1   | Reached skill level 12 in Axes
 10772 | Lair:1   | Reached ***** piety under the Shining One
 10776 | Lair:1   | Reached XP level 12. HP: 105/105 MP: 2/11
 10850 | Lair:1   | Identified a scroll of acquirement
 11159 | Lair:2   | Noticed Sonja
 11169 | Lair:2   | Cast into level 1 of the Abyss (Sonja)
 11209 | Abyss:1  | Noticed a vampire mage
 11223 | Abyss:1  | Killed a vampire mage
 11284 | Abyss:1  | Found a corrupted altar of Lugonu.
 11332 | Abyss:1  | Found a corrupted altar of Lugonu.
 11459 | Abyss:1  | Reached skill level 13 in Axes
 11472 | Abyss:1  | Noticed a starcursed mass
 11478 | Abyss:1  | Noticed a tentacled starspawn
 11488 | Abyss:1  | Killed a starcursed mass
 11506 | Abyss:1  | Noticed a starcursed mass
 11525 | Abyss:1  | Noticed a white very ugly thing
 11525 | Abyss:1  | Mangled by a white very ugly thing

Skill      XL: |  1  2  3  4  5  6  7  8  9 10 11 12 |
---------------+-------------------------------------+-----
Armour         | 4 5 6 7 8 9 10 11 | 11.2
Fighting       | 4 5 7 8 10 | 10.7
Shields        | 4 5 6 8 9 11 12 | 12.9
Dodging        | 1 2 3 4 5 6 7 |  7.6
Axes           | 3 4 5 6 8 10 12 13 | 13.0
Stealth        | |  0.6

Action                   |  1- 3 |  4- 6 |  7- 9 | 10-12 || total
-------------------------+-------+-------+-------+-------++-------
Melee: War axe           |    85 |    42 |   341 |   443 ||   911
       Headbutt          |    14 |     8 |    63 |   110 ||   195
       Unarmed           |       |     7 |       |       ||     7
       Broad axe         |       |       |       |   118 ||   118
Evoke: Wand              |       |       |       |     1 ||     1
  Use: Potion            |       |     2 |     7 |     4 ||    13
       Scroll            |       |     2 |     4 |    18 ||    24
  Eat: Chunk             |     1 |     3 |    11 |     4 ||    19
       Royal jelly       |       |       |     1 |       ||     1
       Beef jerky        |       |       |     1 |       ||     1
       Bread ration      |       |       |     1 |     2 ||     3
       Meat ration       |       |       |       |     1 ||     1
Armor: Scale mail        |    47 |    16 |   116 |       ||   179
       Plate armour      |       |       |    30 |   265 ||   295
Dodge: Dodged            |    34 |    21 |   148 |   164 ||   367
Block: Shield            |    59 |    21 |   218 |   344 ||   642
